 Dungeon Crawl Stone Soup version 0.30-a0-394-g3e4acdb0ae (webtiles) character file.

Game seed: 9631349731874677094

527 NinjaNoafa the Ducker (level 7, 0/36 HPs)
             Began as a Spriggan Hunter on Dec 6, 2022.
             Was an Initiate of Fedhas.
             Killed by divine providence
             ... invoked by an orc priest
              (10 damage)
             ... on level 3 of the Dungeon.
             The game lasted 00:05:22 (2705 turns).

NinjaNoafa the Ducker (Spriggan Hunter)             Turns: 2705, Time: 00:05:23

Health: 0/36       AC:  7    Str:  7    XL:     7   Next: 3%
Magic:  0/8        EV: 21    Int: 10    God:    Fedhas [......]
Gold:   233        SH:  0    Dex: 21    Spells: 6/6 levels left

rFire   . . .      SeeInvis +    a - +0 shortbow
rCold   . . .      Faith    .    (shield currently unavailable)
rNeg    . . .      Spirit   +    c - +0 robe
rPois   .          Reflect  .    (helmet restricted)
rElec   .          Harm     .    t - +0 cloak
rCorr   .          Rampage  .    (gloves unavailable)
Will    +....                    (boots unavailable)
Stlth   +++.......               l - amulet of guardian spirit
HPRegen 0.26/turn                g - +4 ring of protection
MPRegen 0.11/turn                (no ring)

@: very quick
A: very small, no large weapons, unfitting armour, see invisible, speed 3
a: Renounce Religion


You were on level 3 of the Dungeon.
You worshipped Fedhas.
Fedhas was noncommittal.
You visited 1 branch of the dungeon, and saw 4 of its levels.

You collected 233 gold pieces.

Inventory:

Hand Weapons
 a - a +0 shortbow (weapon)
Missiles
 h - 26 stones
 j - 8 poisoned darts
 m - a throwing net
Armour
 c - a +0 robe (worn)
 t - a +0 cloak (worn)
Jewellery
 g - a +4 ring of protection (left hand)
 l - an amulet of guardian spirit (around neck)
 w - a ring of fire
Scrolls
 b - a scroll of immolation
 d - 2 scrolls of fear {unknown}
 e - a scroll of torment {unknown}
 i - a scroll of identify {unknown}
 o - 2 scrolls of butterflies {unknown}
 q - a scroll of poison {unknown}
 u - a scroll of magic mapping {unknown}
 v - a scroll of blinking {unknown}
 x - a scroll of enchant armour {unknown}
 y - a scroll of brand weapon {unknown}
Potions
 f - 3 potions of degeneration {unknown}
 k - a potion of ambrosia {unknown}
 n - a potion of mutation {unknown}
 p - 2 potions of haste {unknown}
 r - a potion of lignification {unknown}
 s - a potion of flight {unknown}
 z - a potion of curing {unknown}


   Skills:
 + Level 3.4 Fighting
 + Level 5.4 Ranged Weapons
 + Level 6.0 Dodging
 - Level 5.0 Stealth


You had 6 spell levels left.
You didn't know any spells.
Your spell library contained the following spells:

 Spells                   Type           Power      Damage    Failure   Level
 Slow                     Hex            0%         N/A       36%         1
 Cigotuvi's Dreadful Rot  Necr/Pois/Air  0%         N/A       50%         2
 Confusing Touch          Hex            0%         N/A       75%         3
 Vampiric Draining        Necr           0%         2d6       75%         3
 Dispel Undead            Necr           0%         3d6       98%         4
 Death Channel            Necr           0%         N/A       100%        6


Dungeon Overview and Level Annotations

Branches:
Dungeon (4/15)
 Temple: D:4-7

Altars:
Fedhas


Innate Abilities, Weirdness & Mutations

You are very small and have problems with some larger weapons.
You are too small for most types of armour.
You have supernaturally acute eyesight. (SInv)
You cover ground extremely quickly. (Speed+++)


Message History

You shoot an arrow. The arrow barely misses the orc priest.
You shoot an arrow.
The arrow hits the orc priest but does no damage.
The orc priest misses you.
You shoot an arrow. The arrow hits the orc priest.
The orc priest is moderately wounded.
The orc priest closely misses you.
You shoot an arrow. The arrow hits the orc priest!
The orc priest is almost dead.
The orc priest calls down the wrath of Beogh upon you.
Beogh smites you!
You shoot an arrow. The arrow barely misses the orc priest.
The orc priest calls down the wrath of Beogh upon you.
Beogh smites you!
You are too injured to fight recklessly!
You are too injured to fight recklessly!
You are too injured to fight recklessly!
Fire: a) +0 shortbow
Press: ? - help, Q - select action, (/) - cycle Shift-Dir - straight line, f/p - orc priest
Aim: an orc priest, wielding a +0 war axe and wearing a +0 chain mail (severely wounded, 72% to hit)
You shoot an arrow. The arrow hits the orc priest.
The orc priest is almost dead.
There is a stone staircase leading up here.
Fire: a) +0 shortbow
Press: ? - help, Q - select action, (/) - cycle Shift-Dir - straight line, f/p - orc priest
Aim: an orc priest, wielding a +0 war axe and wearing a +0 chain mail (almost dead, 72% to hit)
You shoot an arrow.
The arrow hits the orc priest but does no damage.
The orc priest is almost dead.
The orc priest mumbles some strange prayers to Beogh against you.
Beogh smites you!
* * * LOW HITPOINT WARNING * * *
Fire: a) +0 shortbow
Press: ? - help, Q - select action, (/) - cycle Shift-Dir - straight line, f/p - orc priest
Aim: an orc priest, wielding a +0 war axe and wearing a +0 chain mail (almost dead, 72% to hit)
You shoot an arrow. The arrow barely misses the orc priest.
The orc priest mumbles some strange prayers to Beogh against you.
Beogh smites you!
You die...
Fedhas appreciates your contribution to the ecosystem.

#..#..# #.............
#..#..###)##.##.......
##..#............#'###.
#..............#.#.# #.
###.#.####.###.#.#.# #.
#.....# #.#.....#.####
##########.#.#.#.#.....
#######.....#.#.#####.
#...o@......#.........
#.#####.....##########
#.# ###.............
#.# ###.#.##########
#.# #...........#.>#
#.# #.#.#.#.###.#...
#.# #.#.###.###.##.#
#.#####.#.#.......##.#
#...)>....#.#.######..


You could see an orc priest.

Vanquished Creatures
  Grinder (D:3)
  A centaur (D:3)
  A necrophage (D:3)
  A scorpion (D:4)
  Crazy Yiuf (D:2)
  2 adders
  2 worms (D:2)
  3 dart slugs
  5 orcs (D:3)
  6 ball pythons
  6 endoplasms
  5 giant cockroaches
  3 goblins
  8 hobgoblins
  4 quokkas
  8 bats
  6 frilled lizards
  5 kobolds
  9 rats
77 creatures vanquished.

Notes
Turn   | Place    | Note
-------+----------+-------------------------------------------
     0 | D:1      | NinjaNoafa the Spriggan Hunter began the quest for the Orb.
     0 | D:1      | Reached XP level 1. HP: 10/10 MP: 2/2
   114 | D:1      | Reached skill level 3 in Dodging
   114 | D:1      | Reached XP level 2. HP: 15/15 MP: 3/3
   411 | D:1      | Reached XP level 3. HP: 18/18 MP: 4/4
   594 | D:2      | You fall into a shaft and drop 1 floor!
  1012 | D:2      | Reached XP level 4. HP: 23/23 MP: 5/5
  1141 | D:2      | Found a runed translucent door.
  1142 | D:2      | Noticed Crazy Yiuf
  1173 | D:2      | Killed Crazy Yiuf
  1402 | D:3      | Noticed a centaur
  1405 | D:3      | Killed a centaur
  1406 | D:3      | Reached skill level 4 in Dodging
  1406 | D:3      | Reached XP level 5. HP: 3/27 MP: 1/6
  1672 | D:3      | Found a blossoming altar of Fedhas.
  1825 | D:3      | Noticed Grinder
  1877 | D:3      | Reached skill level 5 in Ranged Weapons
  1973 | D:3      | Killed Grinder
  1974 | D:3      | Reached skill level 5 in Dodging
  1974 | D:3      | Reached skill level 5 in Stealth
  1974 | D:3      | Reached XP level 6. HP: 11/32 MP: 1/7
  2340 | D:3      | Became a worshipper of Fedhas Madash
  2631 | D:4      | Reached skill level 6 in Dodging
  2631 | D:4      | Reached XP level 7. HP: 36/36 MP: 8/8
  2705 | D:3      | Killed from afar by an orc priest

Illustrated notes

Levels and vault maps discovered:
D:1:      dpeg_arrival_solitude, layout_basic, st_stairs_9, item_on_display_a
D:2:      layout_rooms, kennysheep_donut, uniq_crazy_yiuf_cottage
D:3:      layout_basic, mainiacjoe_overflow_tiny_flanked, uniq_grinder
D:4:      layout_loops_ring, minmay_temple_entry_ruins, minmay_ruptured

Skill      XL: |  1  2  3  4  5  6 |
---------------+-------------------+-----
Stealth        | 2 3 4 5 |  5.0
Dodging        | 3 4 5 6 |  6.0
Fighting       | 2 3 |  3.4
Ranged Weapons | 5 |  5.4

Action                   |  1- 3 |  4- 6 |  7- 9 || total
-------------------------+-------+-------+-------++-------
 Fire: Shortbow          |   140 |    88 |    26 ||   254
  Use: Scroll            |       |     1 |       ||     1
Armor: Robe              |    15 |     4 |     2 ||    21
Dodge: Dodged            |    71 |    15 |    15 ||   101

Table legend: (Time is in decaauts)
 A = Elapsed time spent in this place.
 B = Non-inter-level travel time spent in this place.
 C = Inter-level travel time spent in this place.
 D = Time resting spent in this place.
 E = Time spent auto-exploring this place.
 F = Levels seen in this place.
 G = Mean time per level.
                   A        B        C        D        E       F      G
               +--------+--------+--------+--------+--------+-----+--------+
         Total |   1922 |   1790 |    132 |      0 |   1209 |   4 |  480.5 |
       Dungeon |   1922 |   1790 |    132 |      0 |   1209 |   4 |  480.5 |
               +--------+--------+--------+--------+--------+-----+--------+

Top non-repeatable levels by time:
     D:3: 796 daAuts
     D:2: 469 daAuts
     D:1: 450 daAuts
     D:4: 206 daAuts
